 Dungeon Crawl Stone Soup version 0.30-a0-793-g160f7cfddd (webtiles) character file.

Game seed: 2941878742817114455

6899 kingofthe the Thaumaturge (level 10, -16/50 HPs)
             Began as a Deep Elf Conjurer on Feb 20, 2023.
             Was a Believer of Sif Muna.
             Demolished by a sun demon (22 damage)
             ... on level 9 of the Dungeon.
             The game lasted 00:30:20 (10646 turns).

kingofthe the Thaumaturge (Deep Elf Conjurer)      Turns: 10646, Time: 00:30:20

Health: -16/50     AC:  8    Str:  7    XL:     10   Next: 79%
Magic:  23/29      EV: 16    Int: 28    God:    Sif Muna [**....]
Gold:   497        SH:  4    Dex: 17    Spells: 28/35 levels left

rFire   . . .      SeeInvis .    y - +2 rapier (venom)
rCold   + . .      Faith    .    M - +0 buckler "Xuaxzios" {rPois rC+ Str+3 Int-2}
rNeg    . . .      Spirit   .    G - +0 steam dragon scales
rPois   +          Reflect  .    A - +1 hat
rElec   .          Harm     .    c - +0 cloak
rCorr   .          Rampage  .    z - +0 pair of gloves
Will    +....                    (no boots)
Stlth   ++++                     (no amulet)
HPRegen 0.28/turn                Y - +4 ring of slaying
MPRegen 0.21/turn                I - +6 ring of intelligence

@: no status effects
A: no striking features
a: Renounce Religion, Channel Magic


You were on level 9 of the Dungeon.
You worshipped Sif Muna.
Sif Muna was pleased with you.
You visited 2 branches of the dungeon, and saw 11 of its levels.

You collected 497 gold pieces.


   Skills:
 * Level 8.9 Dodging
 + Level 7.1 Stealth
 - Level 13.0 Spellcasting
 + Level 8.5 Conjurations
 + Level 8.4 Hexes
 * Level 4.1 Invocations


You had 28 spell levels left.
You knew the following spells:

 Your Spells              Type           Power      Damage    Failure   Level
a - Magic Dart            Conj           100%       1d8       1%          1
b - Searing Ray           Conj           100%       2d8       1%          2
c - Fulminant Prism       Conj/Hex       30%        3d15      1%          4

Your spell library contained the following spells:

 Spells                   Type           Power      Damage    Failure   Level
 Dazzling Flash           Conj/Hex       100%       N/A       1%          3
 Stone Arrow              Conj/Erth      84%        3d12      1%          3
 Apportation              Tloc           36%        N/A       4%          1
 Necrotise                Necr           72%        1d7       4%          1
 Sandblast                Erth           36%        2d10      4%          1
 Summon Small Mammal      Summ           72%        N/A       4%          1
 Passwall                 Tmut/Erth      15%        N/A       6%          2
 Iskenderun's Mystic Bla  Conj/Tloc      42%        2d10      7%          4
 Alistair's Intoxication  Tmut/Pois      12%        N/A       73%         5

Inventory:

Hand Weapons
 t - a +0 dagger of electrocution
 y - a +2 rapier of venom (weapon)
 L - a +5 spear
Missiles
 x - 2 throwing nets {=f}
Armour
 c - a +0 cloak (worn)
 h - a +0 leather armour of willpower
 z - a +0 pair of gloves (worn)
 A - a +1 hat (worn)
 G - +0 steam dragon scales (worn)
 M - the +0 buckler "Xuaxzios" (worn) {rPois rC+ Str+3 Int-2}
   (You found it on level 9 of the Dungeon)

   Str:       It affects your strength (+3).
   Int:       It affects your intelligence (-2).
   rC:        It protects you from cold.
   rPois:     It protects you from poison.
 N - an orb of mayhem
Jewellery
 i - a +6 ring of intelligence
 C - a ring of ice
 I - a +6 ring of intelligence (right hand)
 W - a ring of willpower
 Y - a +4 ring of slaying (left hand)
Wands
 u - a wand of flame (24)
 K - a wand of roots (1)
Scrolls
 a - 2 scrolls of enchant armour {unknown}
 d - 10 scrolls of identify {unknown}
 e - 3 scrolls of poison
 f - 5 scrolls of teleportation {unknown}
 l - a scroll of torment {unknown}
 n - a scroll of fear {unknown}
 o - 4 scrolls of vulnerability {unknown}
 p - a scroll of magic mapping {unknown}
 r - 2 scrolls of enchant weapon {unknown}
 s - 2 scrolls of noise {unknown}
 D - a scroll of silence {unknown}
 H - 2 scrolls of amnesia {unknown}
Potions
 b - a potion of magic
 g - 7 potions of heal wounds {unknown}
 j - 7 potions of curing {unknown}
 k - 4 potions of mutation {unknown}
 m - 2 potions of flight {unknown}
 q - 2 potions of resistance {unknown}
 v - a potion of brilliance {unknown}
 w - a potion of lignification {unknown}
 B - a potion of attraction {unknown}
 E - a potion of might {unknown}
 F - a potion of ambrosia {unknown}
 J - 2 potions of degeneration {unknown}

Dungeon Overview and Level Annotations

Branches:
Dungeon (10/15)            Temple (1/1) D:4             Orc (0/2) D:9
   Lair: D:8-11

Altars:
Ashenzari
Cheibriados
Dithmenos
Elyvilon
Fedhas
Hepliaklqana
Kikubaaqudgha
Makhleb
Nemelex Xobeh
Okawaru
Qazlal
Ru
Sif Muna
Trog
Uskayaw
Vehumet
Wu Jian
Xom
Yredelemnul
Zin
The Shining One

Annotations:
D:3 Grinder
D:5 1 runed translucent door, BigDaddyOpFi's ghost, novice MeEE
D:7 2 transporters, Grum; juan097's ghost, novice MiBe
D:9 2 runed translucent doors

## #..# .## ##.##
..## #..#
#..#####..#
##........##
##...####§#######
##..## #§§§§##.#
##....# #§§§§43##
#.....#
##.##.#@##
..###.# #...###§#
...#### #...# ###
..>## #..## #...#
###.# ##.## #.##
### ##.# #### ###
...##


You could see a sun demon and an ice devil.


Message History

You climb upwards.
Level annotation: 2 runed translucent doors
There is a stone staircase leading down here.
You take 17 damage, and have 33/50 hp.
MASSIVE DAMAGE!!
The sun demon attacks as you move away! The sun demon hits you!!
* * * LOW HITPOINT WARNING * * *
You are engulfed in flames!
* * * LOW HITPOINT WARNING * * *
You take 28 damage, and have 5/50 hp.
MASSIVE DAMAGE!!
You block the sun demon's attack.
Casting: Fulminant Prism (dangerous; 1% risk of failure)
Confirm with . or Enter, or press ? or * to list all spells.
Aiming: Searing Ray (safe; 1% risk of failure)
Press: ? - help, Shift-Dir - straight line, f - sun demon
Aim: a sun demon (lightly wounded, 79% to hit)
Okay, then.
Aiming: Fastroot
Press: ? - help, Shift-Dir - straight line, f - sun demon
Aim: a sun demon (lightly wounded)
The roots erupt in riotous growth!
Roots grab the sun demon.
The grasping roots constrict the sun demon, but do no damage.
The sun demon closely misses you.
The air fills with toxic fumes!
As you read the scroll labelled GOTESM PAFIFEAN, it crumbles to dust.
It was a scroll of poison.
The grasping roots constrict the sun demon.
The roots release their grip on the sun demon.
The sun demon hits you!!
You die...

Skill      XL: |  1  2  3  4  5  6  7  8  9 10 |
---------------+-------------------------------+-----
Spellcasting   | 4 5 7 8 10 12 13 | 13.0
Hexes          | 4 7 8 |  8.4
Dodging        | 4 7 8 |  8.9
Stealth        | 4 5 7 |  7.1
Conjurations   | 5 7 8 |  8.5
Invocations    | 4 |  4.1

Action                     |  1- 3 |  4- 6 |  7- 9 | 10-12 || total
---------------------------+-------+-------+-------+-------++-------
  Melee: Unarmed           |    11 |       |       |       ||    11
         Rapier            |       |       |       |     1 ||     1
   Cast: Magic Dart        |    59 |    65 |    54 |    48 ||   226
         Searing Ray       |    13 |    23 |    45 |    26 ||   107
         Fulminant Prism   |       |       |    15 |    29 ||    44
  Evoke: Wand              |       |       |       |     2 ||     2
    Use: Scroll            |       |       |       |     1 ||     1
 Armour: Robe              |     3 |     9 |       |       ||    12
         Leather armour    |       |     2 |    18 |       ||    20
         Steam dragon scal |       |       |     2 |    14 ||    16
  Dodge: Dodged            |    10 |    22 |    31 |    61 ||   124
  Block: Buckler           |       |       |       |    12 ||    12

Levels and vault maps discovered:
D:1:      minmay_arrival_hallway, layout_basic
D:2:      layout_loops_cross, small_statue_intersection
D:3:      layout_basic, serial_corexii_hall, corexii_hall_statues_deadend,
          corexii_hall_statues_u, chequers_hall_statues_wall_a,
          chequers_hall_statues_corner_a, dk_noncrumbling_4, uniq_jessica,
          uniq_grinder
D:4:      layout_basic, bloody_trog, minmay_temple_entry_nine_rooms
D:5:      layout_basic, cheibriados_altar_1, nicolae_overflow_squiral,
          hellmonk_ghost_happy_afterlife
D:6:      layout_basic, yredelemnul_altar_generic,
          nicolae_dithmenos_shadow_blocks, cheibrodos_ashenzari_chains
D:7:      layout_loops_ring, lemuel_crystal_altar,
          gammafunk_ghost_gnarly_gnolls, enter_bailey_3,
          dreamdust_princess_bridge
D:8:      layout_loops_ring, mainiacjoe_overflow_brackets,
          nicolae_wu_jian_wuxing_cycle, grunt_ministairs_15
D:9:      minmay_skewed_foursquare, layout_layer_cave,
          grunt_temple_overflow_order_and_chaos_1, mainiacjoe_overflow_alcove_2,
          lemuel_coloured_pillars_altar, mainiacjoe_overflow_six_doors_small,
          minmay_orc_entry_temple_small, minivault_23,
          minmay_guarded_unrand_resistance, uniq_grum
D:10:     layout_rooms, grunt_gozag_statues, serial_demonic, serial_demonic_g,
          serial_demonic_e, serial_demonic_c, serial_demonic_d,
          serial_demonic_b, serial_demonic_e, serial_demonic_b,
          serial_demonic_e, serial_demonic_a, serial_demonic_a,
          lightli_wizard_tower
Temple:   nicolae_temple_superstar

Notes
Turn   | Place    | Note
-------+----------+-------------------------------------------
     0 | D:1      | kingofthe the Deep Elf Conjurer began the quest for the
                  | Orb.
     0 | D:1      | Reached XP level 1. HP: 10/10 MP: 6/6
    88 | D:1      | Reached skill level 4 in Spellcasting
    88 | D:1      | Reached XP level 2. HP: 3/15 MP: 0/9
   272 | D:1      | Learned a level 2 spell: Searing Ray
   634 | D:1      | Reached XP level 3. HP: 19/19 MP: 3/11
   799 | D:1      | Reached skill level 5 in Spellcasting
  1930 | D:3      | Reached XP level 4. HP: 21/24 MP: 8/13
  1995 | D:3      | Reached skill level 6 in Spellcasting
  2215 | D:3      | Noticed Jessica
  2228 | D:3      | Killed Jessica
  2229 | D:3      | Reached skill level 7 in Spellcasting
  2229 | D:3      | Reached XP level 5. HP: 28/28 MP: 2/16
  2793 | D:3      | HP: 2/28 [orc wizard/puff of flame (9)]
  2959 | D:3      | Noticed Grinder
  3228 | D:4      | Reached skill level 8 in Spellcasting
  3357 | D:4      | Found a bloodstained altar of Trog.
  3436 | D:4      | Reached XP level 6. HP: 32/32 MP: 14/19
  3487 | D:4      | Found a staircase to the Ecumenical Temple.
  3498 | Temple   | Entered the Ecumenical Temple
  4037 | D:5      | Entered Level 5 of the Dungeon
  4150 | D:5      | Reached skill level 9 in Spellcasting
  4183 | D:5      | Noticed BigDaddyOpFi's ghost (novice MeEE)
  4469 | D:5      | Found a runed translucent door.
  4572 | D:5      | Found a snail-covered altar of Cheibriados.
  4714 | D:5      | Reached skill level 10 in Spellcasting
  4745 | D:5      | Found a shimmering blue altar of Sif Muna.
  4746 | D:5      | Found a stormy altar of Qazlal.
  4748 | D:5      | Became a worshipper of Sif Muna the Loreminder
  4814 | D:5      | Reached XP level 7. HP: 36/36 MP: 16/22
  4922 | D:6      | Found a broken altar of Ashenzari.
  5058 | D:6      | Reached skill level 11 in Spellcasting
  5230 | D:6      | Reached skill level 12 in Spellcasting
  5354 | D:6      | Found a shadowy altar of Dithmenos.
  5392 | D:6      | Found a basalt altar of Yredelemnul.
  5517 | D:6      | Reached XP level 8. HP: 40/41 MP: 21/26
  5755 | D:7      | Found an iron altar of Okawaru.
  5917 | D:7      | Reached skill level 13 in Spellcasting
  5922 | D:7      | Learned a level 4 spell: Fulminant Prism
  5948 | D:7      | Reached skill level 1 in Hexes
  6045 | D:7      | Reached skill level 3 in Dodging
  6045 | D:7      | Reached skill level 2 in Hexes
  6076 | D:7      | Reached skill level 3 in Stealth
  6076 | D:7      | Reached skill level 5 in Conjurations
  6156 | D:7      | Found a transporter.
  6243 | D:7      | Reached skill level 3 in Hexes
  6295 | D:7      | Reached skill level 4 in Dodging
  6399 | D:7      | Reached skill level 4 in Stealth
  6399 | D:7      | Reached skill level 4 in Hexes
  6537 | D:7      | Reached XP level 9. HP: 45/45 MP: 22/28
  6553 | D:7      | Noticed Grum
  6570 | D:7      | Noticed juan097's ghost (novice MiBe)
  6612 | D:7      | Identified the ring "Peik" {rPois rF+ Str+6}
  6613 | D:7      | Found a transporter.
  7161 | D:8      | Reached * piety under Sif Muna
  7162 | D:8      | Reached skill level 5 in Dodging
  7252 | D:8      | Reached skill level 6 in Conjurations
  7297 | D:8      | Noticed a two-headed ogre
  7364 | D:8      | Reached skill level 5 in Hexes
  7594 | D:8      | Killed a two-headed ogre
  7595 | D:8      | Reached skill level 6 in Dodging
  7595 | D:8      | Reached skill level 5 in Stealth
  7595 | D:8      | Reached skill level 7 in Conjurations
  7595 | D:8      | Reached skill level 6 in Hexes
  7766 | D:8      | Found a sacrificial altar of Ru.
  7929 | D:8      | Found an ornate altar of the Wu Jian Council.
  8048 | D:8      | Reached skill level 7 in Dodging
  8048 | D:8      | Reached skill level 7 in Hexes
  8144 | D:8      | Reached XP level 10. HP: 50/50 MP: 24/29
  8159 | D:8      | Reached skill level 6 in Stealth
  8520 | D:9      | Identified the +0 buckler "Xuaxzios" {rPois rC+ Str+3
                  | Int-2}
  8643 | D:9      | Reached ** piety under Sif Muna
  8780 | D:9      | Reached skill level 1 in Invocations
  8876 | D:9      | Noticed an angel
  8877 | D:9      | Found a glowing silver altar of Zin.
  8878 | D:9      | Found a shimmering altar of Xom.
  8882 | D:9      | Found a burning altar of Makhleb.
  8919 | D:9      | Reached skill level 8 in Conjurations
  9021 | D:9      | Found a runed translucent door.
  9022 | D:9      | Noticed a fire dragon
  9023 | D:9      | Noticed a fire dragon
  9024 | D:9      | Noticed an ice dragon
  9024 | D:9      | Found the +2 shield of Resistance {rF++ rC++ Will++}
  9025 | D:9      | Noticed an ice dragon
  9029 | D:9      | Found a runed translucent door.
  9217 | D:9      | Found a glowing golden altar of the Shining One.
  9224 | D:9      | Noticed a two-headed ogre
  9240 | D:9      | Killed a two-headed ogre
  9241 | D:9      | Reached skill level 8 in Dodging
  9241 | D:9      | Reached skill level 8 in Hexes
  9241 | D:9      | Reached skill level 2 in Invocations
  9249 | D:9      | Noticed a boulder beetle
  9601 | D:9      | Reached skill level 3 in Invocations
  9843 | D:9      | Reached skill level 7 in Stealth
 10016 | D:9      | Found a staircase to the Orcish Mines.
 10038 | D:9      | Reached skill level 4 in Invocations
 10412 | D:9      | Found an ancient bone altar of Kikubaaqudgha.
 10477 | D:10     | Entered Level 10 of the Dungeon
 10617 | D:10     | Noticed a soul eater
 10636 | D:10     | Noticed a sun demon
 10643 | D:9      | HP: 4/50 [sun demon (10)]
 10646 | D:9      | Demolished by a sun demon

Vanquished Creatures
  2 two-headed ogres
  A hornet (D:8)
  4 wyverns
  9 yaks
  3 steam dragons
  A water moccasin (D:7)
  4 ice beasts
  An orc warrior (D:9)
  2 sky beasts
  3 centaurs
  2 ogres
  A phantom (D:6)
  5 kobold brigands
  2 necrophages
  A bullfrog (D:8)
  A scorpion (D:7)
  4 wights (D:8)
  7 killer bees (D:9)
  4 howler monkeys
  2 jellies
  2 hounds
  5 orc priests
  3 iguanas
  Jessica (D:3)
  5 orc wizards
  10 adders
  2 shadow imps
  A white imp (D:5)
  An ufetubus (D:5)
  2 worms (D:3)
  4 dart slugs
  30 orcs
  4 bats
  8 endoplasms
  2 giant cockroaches
  10 goblins
  8 hobgoblins
  4 quokkas
  8 ball pythons
  3 frilled lizards
  29 kobolds
  4 rats
205 creatures vanquished.

Vanquished Creatures (others)
  A bullfrog (D:9)
  2 demonic plants (D:10)
  43 fulminant prisms
  6 plants (D:7)
52 creatures vanquished.

Grand Total: 257 creatures vanquished

Table legend: (Time is in decaauts)
 A = Elapsed time spent in this place.
 B = Non-inter-level travel time spent in this place.
 C = Inter-level travel time spent in this place.
 D = Time resting spent in this place.
 E = Time spent auto-exploring this place.
 F = Levels seen in this place.
 G = Mean time per level.
                   A        B        C        D        E       F      G
               +--------+--------+--------+--------+--------+-----+--------+
         Total |  10648 |  10127 |    521 |    936 |   7658 |  11 |  968.0 |
       Dungeon |  10528 |  10012 |    516 |    936 |   7552 |  10 | 1052.8 |
        Temple |    119 |    114 |      5 |      0 |    106 |   1 |  119.0 |
               +--------+--------+--------+--------+--------+-----+--------+

Top non-repeatable levels by time:
     D:9: 2163 daAuts
     D:7: 1453 daAuts
     D:8: 1231 daAuts
     D:3: 1187 daAuts
     D:1: 1028 daAuts
     D:2: 1004 daAuts
     D:6: 864 daAuts
     D:5: 847 daAuts
     D:4: 731 daAuts
  Temple: 119 daAuts
    D:10: 17 daAuts

Table legend:
 A = Non-vault XP
 B = Vault XP
 C = Vault XP percentage of total XP
 D = Non-vault monster count
 E = Vault monster count
 F = Vault count percentage of total count
                 A         B        C        D         E       F
            +---------+---------+-------+---------+---------+-------
      Total |    8262 |    1594 |  16.2 |     185 |      20 |   9.8
            +---------+---------+-------+---------+---------+-------
        D:1 |      45 |       0 |   0.0 |      24 |       0 |   0.0
        D:2 |      49 |       0 |   0.0 |      19 |       0 |   0.0
        D:3 |     146 |      37 |  20.2 |      21 |       1 |   4.5
        D:4 |     153 |       0 |   0.0 |      11 |       0 |   0.0
        D:5 |     360 |       0 |   0.0 |      12 |       0 |   0.0
        D:6 |     663 |       0 |   0.0 |       9 |       0 |   0.0
        D:7 |    1405 |       8 |   0.6 |      17 |       4 |  19.0
        D:8 |    2538 |     915 |  26.5 |      26 |       2 |   7.1
        D:9 |    2897 |     634 |  18.0 |      44 |      13 |  22.8
       D:10 |       6 |       0 |   0.0 |       2 |       0 |   0.0
            +---------+---------+-------+---------+---------+-------
